 Dungeon Crawl Stone Soup version 0.23.1 (webtiles) character file.

Game seed: 0

30510 night the Grappler (level 13, 0/104 HPs)
             Began as a Demonspawn Gladiator on Mar 1, 2019.
             Was the Champion of Cheibriados.
             Slain by a bone dragon (19 damage)
             ... on level 2 of the Abyss.
             The game lasted 01:16:50 (18001 turns).

night the Grappler (Demonspawn Gladiator)          Turns: 18001, Time: 01:16:50

Health: 0/104      AC: 16    Str: 30    XL:     13   Next: 21%
Magic:  14/14      EV: 22    Int: 28    God:    Cheibriados [******]
Gold:   294        SH:  0    Dex: 29    Spells: 7/19 levels left

rFire    + . .     SeeInvis .     - Unarmed
rCold    . . .     Gourm    .   (no shield)
rNeg     . . .     Faith    .   R - +0 ring mail of True Grit {Regen+}
rPois    .         Spirit   .   G - +1 helmet
rElec    .         Reflect  .   B - +0 cloak {+Inv}
rCorr    .         Harm     .   D - +2 pair of gloves
MR       +....     Clarity  +   (boots unavailable)
Stlth    ++........             N - amulet "Qinec" {RegenMP rF+ MR+}
HPRegen  0.67/turn              V - ring of wizardry
MPRegen  0.39/turn              u - +3 ring of protection

@: about to teleport, very slow
A: talons 3, icy blue scales 1, [berserk 2], clarity, demonic guardian 2, [low
mp 2], [screaming 2], weak 1
a: Bend Time, Temporal Distortion, Slouch, Step From Time, Renounce Religion,
Evoke Invisibility


You were on level 2 of the Abyss.
You worshipped Cheibriados.
Cheibriados was exalted by your worship.
You were hungry.

You visited 4 branches of the dungeon, and saw 17 of its levels.
You visited the Abyss 1 time.

You collected 1333 gold pieces.
You spent 1039 gold pieces at shops.

Inventory:

Hand Weapons
 b - a +1 longbow
Missiles
 c - 6 throwing nets
 g - 87 sling bullets
 j - 291 arrows
 n - 307 stones
 E - 20 tomahawks (quivered)
Armour
 r - a +2 buckler
 y - a +2 leather armour of cold resistance
 B - a +0 cloak of invisibility (worn)
 D - a +2 pair of gloves (worn)
 G - a +1 helmet (worn)
 I - the +1 robe of the Sky {Int+6}
   (You found it on level 3 of the Lair of Beasts)

   It affects your intelligence (+6).
 R - the +0 ring mail of True Grit (worn) {Regen+}
   (You found it on level 2 of the Abyss)

   It increases your rate of regeneration.
 U - a +2 scale mail of fire resistance
Jewellery
 e - an uncursed ring of resist corrosion
 f - a +4 ring of evasion
 u - a +3 ring of protection (right hand)
 v - a +3 ring of dexterity
 w - a +1 ring of protection
 J - an uncursed amulet of regeneration
 N - the amulet "Qinec" (around neck) {RegenMP rF+ MR+}
   (You found it on level 7 of the Dungeon)

   [amulet of magic regeneration]

   It increases your magic regeneration.
   It protects you from fire.
   It affects your resistance to hostile enchantments.
 O - a +6 ring of dexterity
 S - an uncursed ring of protection from cold
 V - a ring of wizardry (left hand)
Wands
 h - a wand of flame (26)
 k - a wand of iceblast (7)
 t - a wand of polymorph (29)
 P - a wand of paralysis (21)
 Q - a wand of scattershot (4)
 T - a wand of acid (2)
Scrolls
 m - 12 scrolls of identify
 p - 4 scrolls of enchant armour
 s - a scroll of amnesia
 Y - a scroll of enchant weapon
Potions
 a - 2 potions of flight {unknown}
 i - 2 potions of agility
 o - 4 potions of degeneration
 x - 3 potions of curing
 z - 3 potions of brilliance
 C - 6 potions of haste
 H - 2 potions of resistance {unknown}
 K - 2 potions of cancellation
 L - a potion of might {unknown}
 W - a potion of ambrosia {unknown}
Miscellaneous
 l - a fan of gales
 Z - a box of beasts
Comestibles
 d - 28 rations


   Skills:
 - Level 10.4 Fighting
 - Level 1.7 Throwing
 - Level 9.8 Dodging
 + Level 14.1 Unarmed Combat
 + Level 3.5 Spellcasting
 + Level 4.2 Summonings
 * Level 1.5 Transmutations
 + Level 7.0 Invocations


You had 7 spell levels left.
You knew the following spells:

 Your Spells              Type           Power        Failure   Level  Hunger
a - Apportation           Tloc           #.....       4%          1    None
b - Shadow Creatures      Summ           N/A          73%         6    #######
c - Blade Hands           Tmut           ##........   52%         5    ######.

Your spell library contained the following spells:

 Spells                   Type           Power        Failure   Level  Hunger
 Summon Small Mammal      Summ           ####         1%          1    None
 Beastly Appendage        Tmut           ##....       2%          1    None
 Sticks to Snakes         Tmut           ##......     3%          2    #......
 Animate Skeleton         Necr           N/A          4%          1    None
 Confusing Touch          Hex            #.....       4%          1    None
 Freeze                   Ice            #...         4%          1    None
 Ensorcelled Hibernation  Hex/Ice        #.....       7%          2    #......
 Throw Frost              Conj/Ice       #.....       7%          2    #......
 Spider Form              Tmut/Pois      #.........   10%         3    ##.....
 Ozocubu's Armour         Chrm/Ice       #.......     14%         3    ##.....
 Summon Ice Beast         Ice/Summ       ###.....     19%         4    ####...
 Ice Form                 Ice/Tmut       #.......     32%         4    ####...
 Cause Fear               Hex            #.........   41%         4    ####...
 Throw Icicle             Conj/Ice       #.......     41%         4    ####...
 Yara's Violent Unravell  Hex/Tmut       #.........   63%         5    ######.
 Borgnjor's Vile Clutch   Necr/Erth      #.........   75%         5    ######.
 Silence                  Hex/Air        #.........   75%         5    ######.
 Darkness                 Hex            #.........   99%         6    #######
 Deflect Missiles         Chrm/Air       #.........   99%         6    #######
 Discord                  Hex            #.........   100%        8    #######


Dungeon Overview and Level Annotations

Branches:
Dungeon (10/15)            Temple (1/1) D:7            Lair (5/6) D:8
 Shoals (0/4) Lair:2       Spider (0/4) Lair:4          Orc (1/2) D:10
  Slime: Lair:5-6

Altars:
Ashenzari
Cheibriados
Dithmenos
Elyvilon
Fedhas
Gozag
Hepliaklqana
Kikubaaqudgha
Makhleb
Nemelex Xobeh
Okawaru
Qazlal
Ru
Sif Muna
Trog
Uskayaw
Vehumet
Wu Jian
Xom
Yredelemnul
Zin
The Shining One

Shops:
D:6 =:%!   Orc:1 *

Annotations:
Lair:2 3 runed translucent doors, Semilg's ghost, journeyman MiMo
Lair:5 Sonja


Innate Abilities, Weirdness & Mutations

You have claws for feet.
You are partially covered in icy blue scales. (AC +2)
A demonic guardian rushes to your aid.
You possess an exceptional clarity of mind.
You are weak. (Str -2)
[You often lose your temper in combat.]
[Your magical capacity is very low. (-20% MP)]
[You sometimes yell uncontrollably at your foes.]


Message History

The satyr moves out of view. 2 starspawn tentacles come into view.
The bone dragon bites you!
* * * LOW HITPOINT WARNING * * *
The bone dragon completely misses you.
The bone dragon tramples you but does no damage.
The starspawn tentacle completely misses you.
The bone dragon bites you!!
* * * LOW HITPOINT WARNING * * *
The bone dragon misses you. The bone dragon barely misses you.
The starspawn tentacle completely misses you.
The starspawn tentacle segment moves out of view.
You feel better.
The bone dragon bites you but does no damage.
The bone dragon closely misses you. The bone dragon completely misses you.
A tentacle flies out from the starspawn's body!
The starspawn tentacle closely misses you.
A starspawn tentacle comes into view.
The bone dragon bites you!!
You die...

# .. #. .. # # .#
.# . ...# # . .. #
... .# # # #.##...
.. ##. ...#.# #D .#
### ###.#.#...# .#
# .
.....##...##│#.#...
..
.........###..│###
#. . # ##..@DX#.#.#
#..##.##.##│V#.# .
# .#... ##\### ..
##.###...##.#>...#.
# #......3§....§.#
#......##. .S
##.... #
#........#.#..#...
.##....##....#.# .
. ##.## #....#.#


You could see a bone dragon and a tentacled starspawn.

Vanquished Creatures
  2 entropy weavers (Lair:4)
  Snorg (Lair:4)
  Fannar (Orc:1)
  Erica (D:9)
  A queen ant (Lair:4)
  Pikel (D:9)
  An orc knight (Orc:1)
  6 elephants (Lair:4)
  A black mamba (Lair:3)
  4 spiny frogs
  3 komodo dragons
  2 ancient zymes (Abyss:2)
  Grinder (D:3)
  Prince Ribbit (D:5)
  3 raiju (Abyss:2)
  8 hippogriffs
  A vampire (D:10)
  2 wyverns
  10 yaks
  A ynoxinul (Abyss:2)
  7 wargs
  9 water moccasins
  13 porcupines
  5 soldier ants
  An ice beast (D:9)
  A sky beast (D:5)
  14 orc warriors
  7 wolves
  6 ogres
  6 centaurs
  A big kobold (D:9)
  6 crocodiles
  9 bullfrogs
  A gnoll sergeant (D:10)
  5 scorpions
  12 killer bees
  2 small abominations (Abyss:2)
  3 wights (D:9)
  An electric eel (D:10)
  3 howler monkeys
  2 crimson imps
  A quasit (D:9)
  A hound (D:10)
  A jelly (D:7)
  15 orc wizards
  3 bullfrog skeletons
  3 centaur skeletons
  17 orc priests
  2 iguanas
  21 worker ants
  2 human simulacra (D:10)
  A hound zombie (D:6)
  A worker ant zombie (D:5)
  9 adders
  13 gnolls
  An adder zombie (D:7)
  5 worms
  4 dart slugs
  5 leopard geckos
  57 orcs
  4 ball pythons
  7 bats
  3 giant cockroaches
  10 goblins
  3 hobgoblins
  10 jackals
  3 quokkas
  6 frilled lizards
  A jackal skeleton (D:5)
  10 kobolds
  A quokka skeleton (D:7)
  6 rats
391 creatures vanquished.

Vanquished Creatures (collateral kills)
  Gastronok (Lair:1)
  2 hydras (Lair:3)
  Harold (Lair:1)
  Urug (Lair:3)
  An elephant (Lair:4)
  A rime drake (Lair:2)
  A hellwing (Abyss:2)
  A komodo dragon (Lair:3)
  A queen bee (D:8)
  A hippogriff (Lair:2)
  4 yaks (Lair:2)
  2 wargs
  A soldier ant (Lair:4)
  A water moccasin (Lair:2)
  A slave (D:9)
  3 wolves
  A crocodile (Lair:2)
  A bullfrog (D:6)
  12 killer bees
  An orc priest (D:8)
  An orc wizard (D:8)
  A gnoll (D:4)
  A giant cockroach (D:3)
  A goblin (Orc:1)
  A fungus (Lair:5)
43 creatures vanquished.

Vanquished Creatures (others)
  A slave (D:9)
  A crimson imp (D:9)
  2 fungi
  A plant (Lair:4)
  4 starspawn tentacles (Abyss:2)
9 creatures vanquished.

Grand Total: 443 creatures vanquished

Notes
Turn   | Place    | Note
-------+----------+-------------------------------------------
     0 | D:1      | night the Demonspawn Gladiator began the quest for the Orb.
     0 | D:1      | Reached XP level 1. HP: 16/16 MP: 1/1
   136 | D:1      | Reached skill level 3 in Unarmed Combat
   169 | D:1      | Gained mutation: A weak demonic guardian rushes to your
                  | aid. [demonic ancestry]
   169 | D:1      | Reached XP level 2. HP: 5/22 MP: 2/2
  1190 | D:2      | Gained mutation: You are partially covered in icy blue
                  | scales. (AC +2) [demonic ancestry]
  1190 | D:2      | Reached XP level 3. HP: 25/27 MP: 3/3
  1309 | D:2      | Reached skill level 4 in Unarmed Combat
  1806 | D:2      | Reached XP level 4. HP: 33/33 MP: 4/4
  2278 | D:3      | Reached skill level 5 in Unarmed Combat
  2407 | D:3      | Gained mutation: You have sharp toenails. [demonic
                  | ancestry]
  2407 | D:3      | Reached XP level 5. HP: 36/38 MP: 5/5
  2831 | D:3      | Noticed Grinder
  2849 | D:3      | Killed Grinder
  2849 | D:3      | Reached skill level 6 in Unarmed Combat
  2849 | D:3      | Gained mutation: You have razor-sharp toenails. [demonic
                  | ancestry]
  2849 | D:3      | Reached XP level 6. HP: 21/44 MP: 6/6
  3457 | D:4      | Reached skill level 7 in Unarmed Combat
  4121 | D:4      | Reached XP level 7. HP: 50/50 MP: 7/7
  4517 | D:5      | Entered Level 5 of the Dungeon
  4567 | D:5      | Noticed Prince Ribbit
  4849 | D:5      | Reached skill level 8 in Unarmed Combat
  5175 | D:5      | Killed Prince Ribbit
  5175 | D:5      | Reached skill level 9 in Unarmed Combat
  5175 | D:5      | Reached XP level 8. HP: 40/56 MP: 8/8
  5622 | D:5      | Found a shimmering altar of Xom.
  5726 | D:6      | Reached skill level 10 in Unarmed Combat
  5927 | D:6      | Found Awiosevo's Jewellery Shop.
  5949 | D:6      | Got a faintly glowing mace
  5950 | D:6      | Identified the +6 mace of Duty {crush, rF+ Str+2} (You
                  | found it on level 6 of the Dungeon)
  6026 | D:6      | Found Bar Pak's Distillery.
  6043 | D:6      | Bought a potion of heal wounds for 65 gold pieces
  6043 | D:6      | Bought 2 potions of curing for 78 gold pieces
  6043 | D:6      | Bought a potion of cancellation for 104 gold pieces
  6054 | D:6      | Found Foxtampurch's Book Shoppe.
  6070 | D:6      | Found Werhag Rien's Food Emporium.
  6479 | D:7      | Got a fine diamond amulet
  6480 | D:7      | Identified the amulet "Qinec" {RegenMP rF+ MR+} (You found
                  | it on level 7 of the Dungeon)
  6538 | D:7      | Found a staircase to the Ecumenical Temple.
  6561 | Temple   | Entered the Ecumenical Temple
  6752 | Temple   | Became a worshipper of Cheibriados the Contemplative
  6856 | D:7      | Gained mutation: A demonic guardian rushes to your aid.
                  | [demonic ancestry]
  6856 | D:7      | Reached XP level 9. HP: 47/63 MP: 9/9
  6986 | D:7      | Got a warped leather armour
  6997 | D:7      | Identified the cursed +1 leather armour "Poach" {+Inv rElec
                  | rCorr Int-4} (You found it on level 7 of the Dungeon)
  7293 | D:7      | Got a transparent hand axe
  7294 | D:7      | Identified the +7 hand axe "Ytos" {pain, rElec Stlth+} (You
                  | found it on level 7 of the Dungeon)
  7531 | D:8      | Reached * piety under Cheibriados
  7589 | D:8      | Reached skill level 11 in Unarmed Combat
  7596 | D:8      | Noticed a queen bee
  7606 | D:8      | Killed a queen bee
  7674 | D:8      | Reached skill level 5 in Dodging
  7684 | D:8      | Reached skill level 5 in Fighting
  8016 | D:8      | Found a hazy altar of Hepliaklqana.
  8050 | D:8      | Reached ** piety under Cheibriados
  8357 | D:8      | Found a staircase to the Lair.
  8475 | D:8      | Got an encrusted cloak
  8481 | D:8      | Identified the +0 cloak "Fullyohu" {rF- Dex+9 Stlth-} (You
                  | found it on level 8 of the Dungeon)
  8975 | D:9      | Noticed Pikel
  8979 | D:9      | Killed Pikel
  8979 | D:9      | Reached XP level 10. HP: 75/76 MP: 10/10
  9568 | D:9      | Reached *** piety under Cheibriados
  9760 | D:9      | Noticed Erica
  9768 | D:9      | Killed Erica
 10066 | D:10     | Entered Level 10 of the Dungeon
 10539 | D:6      | Bought a +4 ring of evasion for 432 gold pieces
 10815 | D:10     | Gained mutation: You are weak. (Str -2) [potion of
                  | mutation]
 10815 | D:10     | Gained mutation: You possess an exceptional clarity of
                  | mind. [potion of mutation]
 11255 | Lair:1   | Entered Level 1 of the Lair of Beasts
 11269 | Lair:1   | Noticed Gastronok
 11283 | Lair:1   | Killed Gastronok
 11283 | Lair:1   | Reached skill level 12 in Unarmed Combat
 11483 | Lair:1   | Reached XP level 11. HP: 81/86 MP: 11/11
 11591 | Lair:1   | You fall through a shaft!
 11635 | Lair:2   | Found a runed translucent gate.
 11635 | Lair:2   | Found a runed translucent gate.
 11715 | Lair:2   | Found a staircase to the Shoals.
 11822 | Lair:2   | Reached **** piety under Cheibriados
 11979 | Lair:2   | Got a dazzling war axe
 12314 | Lair:2   | Noticed a minotaur
 12322 | Lair:2   | Noticed Semilg's ghost (journeyman MiMo)
 12337 | Lair:2   | Found a runed translucent gate.
 12578 | Lair:1   | Noticed Harold
 12587 | Lair:1   | Killed Harold
 13405 | Lair:3   | Noticed a six-headed hydra
 13414 | Lair:3   | Killed a six-headed hydra
 13604 | Lair:3   | Reached ***** piety under Cheibriados
 13608 | Lair:3   | Reached skill level 13 in Unarmed Combat
 13755 | Lair:3   | Got a steaming robe
 13766 | Lair:3   | Identified the +1 robe of the Sky {Int+6} (You found it on
                  | level 3 of the Lair of Beasts)
 13784 | Lair:3   | Noticed Urug
 13796 | Lair:3   | Killed Urug
 13796 | Lair:3   | Gained mutation: You have claws for feet. [demonic
                  | ancestry]
 13796 | Lair:3   | Reached XP level 12. HP: 64/97 MP: 12/12
 13989 | Lair:3   | Noticed a seven-headed hydra
 13993 | Lair:3   | Killed a seven-headed hydra
 13993 | Lair:3   | Reached skill level 10 in Fighting
 14147 | Lair:4   | Noticed Snorg
 14157 | Lair:4   | Killed Snorg
 14210 | Lair:4   | Noticed an entropy weaver
 14211 | Lair:4   | Noticed a queen ant
 14233 | Lair:4   | Killed a queen ant
 14233 | Lair:4   | Reached skill level 1 in Invocations
 14236 | Lair:4   | Reached skill level 1 in Spellcasting
 15088 | D:10     | Found a staircase to the Orcish Mines.
 15108 | D:10     | Learned a level 1 spell: Apportation
 15297 | Orc:1    | Entered Level 1 of the Orcish Mines
 15533 | Orc:1    | Found Estrergh's General Store.
 15679 | Orc:1    | Noticed Fannar
 15691 | Orc:1    | Killed Fannar
 15691 | Orc:1    | Reached ****** piety under Cheibriados
 15691 | Orc:1    | Reached skill level 5 in Invocations
 16140 | D:6      | Bought an uncursed ring of wizardry for 360 gold pieces
 16154 | D:6      | Learned a level 6 spell: Shadow Creatures
 16356 | Orc:1    | Reached skill level 1 in Summonings
 16422 | Orc:1    | Learned a level 5 spell: Blade Hands
 16635 | Lair:4   | Noticed an entropy weaver
 16652 | Lair:4   | Killed an entropy weaver
 16735 | Lair:4   | Killed an entropy weaver
 16735 | Lair:4   | Reached skill level 14 in Unarmed Combat
 16749 | Lair:4   | Found a hole to the Spider Nest.
 16772 | Lair:4   | Reached XP level 13. HP: 81/104 MP: 17/17
 17463 | Lair:5   | Noticed Sonja
 17475 | Lair:5   | Cast into level 2 of the Abyss (Sonja)
 17509 | Abyss:2  | Got a bloodstained ring mail
 17520 | Abyss:2  | Identified the cursed +0 ring mail of True Grit {Regen+}
                  | (You found it on level 2 of the Abyss)
 17615 | Abyss:2  | Reached skill level 1 in Transmutations
 17711 | Abyss:2  | Noticed an Executioner
 17980 | Abyss:2  | Noticed a bone dragon
 17985 | Abyss:2  | Noticed a tentacled starspawn
 17991 | Abyss:2  | Noticed a bone dragon
 18001 | Abyss:2  | Slain by a bone dragon

Skill      XL: |  1  2  3  4  5  6  7  8  9 10 11 12 13 |
---------------+----------------------------------------+-----
Unarmed Combat | 3 4 5 6 7 9 10 11 12 13 14 | 14.1
Dodging        | 3 5 7 9 |  9.8
Fighting       | 3 5 7 9 10 | 10.4
Invocations    | 6 7 |  7.0
Spellcasting   | 2 3 |  3.5
Summonings     | 3 4 |  4.2
Transmutations | 1 |  1.5
Throwing       | |  1.7

Action                   |  1- 3 |  4- 6 |  7- 9 | 10-12 | 13-15 || total
-------------------------+-------+-------+-------+-------+-------++-------
Melee: Unarmed           |   110 |   223 |   359 |   615 |   100 ||  1407
       Kick              |       |    36 |   109 |   319 |    64 ||   528
       Punch             |       |       |       |    15 |     8 ||    23
 Fire: Longbow           |       |       |       |     7 |       ||     7
Throw: Tomahawk          |       |       |     6 |     1 |       ||     7
       Throwing net      |       |       |     1 |     1 |       ||     2
 Cast: Apportation       |       |       |       |     2 |       ||     2
Invok: Slouch            |       |       |       |     1 |       ||     1
       Temporal Distorti |       |       |       |       |     1 ||     1
Evoke: Wand              |       |       |       |     2 |       ||     2
       Fan of gales      |       |       |       |     1 |       ||     1
  Use: Potion            |       |     3 |       |     4 |     6 ||    13
       Scroll            |       |       |     7 |    12 |     7 ||    26
 Stab: Distracted        |       |       |     4 |     5 |       ||     9
       Sleeping          |       |       |     1 |     1 |     1 ||     3
       Held in net/web   |       |       |       |     1 |       ||     1
  Eat: Chunk             |     3 |     6 |    11 |    13 |     2 ||    35
       Ration            |       |       |     1 |       |       ||     1
Armor: Leather armour    |    17 |    17 |   103 |    58 |       ||   195
       Ring mail         |    29 |    41 |       |       |    25 ||    95
       Scale mail        |       |       |       |    75 |    23 ||    98
Dodge: Dodged            |    65 |    97 |   178 |   488 |   120 ||   948
Block: Buckler           |     1 |    53 |    95 |   129 |       ||   278
